 Dungeon Crawl Stone Soup version 0.31-a0-152-g6aa68a64a1 (webtiles) character file.

Game seed: 16311115595802251159

125 qw the Shooter (level 5, -1/32 HPs)
             Began as a Gargoyle Hunter on June 11, 2023.
             Slain by Sigmund
             ... wielding a +0 scythe
              (9 damage)
             ... on level 2 of the Dungeon.
             The game lasted 00:00:27 (1137 turns).

qw the Shooter (Gargoyle Hunter)                    Turns: 1137, Time: 00:00:27

Health: -1/32      AC:  9    Str: 15    XL:     5   Next: 9%
Magic:  5/5        EV: 11    Int:  9    God:
Gold:   88         SH:  0    Dex: 21    Spells: 4/4 levels left

rFire   . . .        Y - +0 shortbow
rCold   . . .        (shield currently unavailable)
rNeg    + . .        g - +0 ring mail
rPois   inf          (no helmet)
rElec   +            (no cloak)
rCorr   .            (no gloves)
SInv    .            (no boots)
Will    .....        (no amulet)
Stlth   +            m - +6 ring of dexterity
HPRegen 0.25/turn    (no ring)
MPRegen 0.09/turn

%: no passive effects
@: no status effects
A: sickness immunity, AC +4, negative energy resistance 1, electricity
resistance, torment resistance 1, petrification resistance
a: no special abilities


You were on level 2 of the Dungeon.
You visited 1 branch of the dungeon, and saw 2 of its levels.

You collected 88 gold pieces.


Innate Abilities, Weirdness & Mutations

You are immune to sickness and miasma.
Your stone body is resilient. (AC +4)
You are immune to poison.
You resist negative energy. (rN+)
You are resistant to electric shocks. (rElec)
You are resistant to unholy torment.
You are immune to petrification.


   Skills:
 - Level 3.4 Fighting
 + Level 5.3 Ranged Weapons
 - Level 1.9 Armour
 - Level 1.5 Dodging
 - Level 1.1 Stealth


You had 4 spell levels left.
You didn't know any spells.
Your spell library was empty.

Inventory:

Hand Weapons
 Y - a +0 shortbow (weapon)
Armour
 g - a +0 ring mail (worn)
Jewellery
 m - a +6 ring of dexterity (left hand)
Scrolls
 c - a scroll of poison {unknown}
Potions
 a - a potion of degeneration {unknown}
 b - a potion of lignification {unknown}
 d - a potion of might {unknown}
 e - a potion of curing
 j - a potion of heal wounds {unknown}
 l - a potion of attraction {unknown}

Dungeon Overview and Level Annotations

Branches:
Dungeon (2/15)

Altars:

Annotations:
D:2 Sigmund


Message History

Enter note:
Enter note: You shoot an arrow.
The arrow hits Sigmund but does no damage.
Sigmund casts a spell.
Sigmund flickers and vanishes!
Deactivating autopickup; reactivate with Ctrl-A.
You shoot an arrow.
A goblin comes into view. It is wielding a +0 dagger.
Something tries to affect you, but you resist.
You shoot an arrow. The goblin shouts!
The arrow hits the goblin.
The goblin is heavily wounded.
You shoot an arrow. The arrow barely misses the goblin.
You shoot an arrow. The arrow barely misses the goblin.
You hear some strange, mumbled words.
You are confused.
1128 ||| DRINKING 2 potions of curing.
You feel better.
1128 ||| (to cure confusion)
Something hits you but does no damage.
You shoot an arrow. The arrow closely misses the goblin.
You shoot an arrow. The arrow closely misses the goblin.
Something hits you. The goblin hits you but does no damage.
You shoot an arrow. The arrow barely misses the goblin.
The goblin hits you with a +0 dagger. Something completely misses you.
You shoot an arrow. The arrow hits the goblin.
The goblin is severely wounded.
The goblin barely misses you. Something hits you! The goblin barely misses you.
You shoot an arrow. The arrow hits the goblin!
You kill the goblin!
Something hits you.
You shoot an arrow. Something hits you!
You shoot an arrow. You shoot an arrow. Something hits you.
You shoot an arrow. Something hits you!
You die...

#.##.#.....##.#
#...(#.###.>..# .
######.##.#####
.. #....# ...
####.# .<..
#####.# .....
#.....#
......#####.#####
.....{)@....#
......#######
..... .... ###


There were no monsters in sight!

Vanquished Creatures
  Jessica (D:2)
  Natasha (thrice) (D:2 D:1)
  A dart slug (D:1)
  5 bats (D:1)
  2 endoplasms (D:1)
  A giant cockroach (D:1)
  2 goblins
  2 hobgoblins (D:1)
  3 quokkas
  2 frilled lizards (D:1)
  3 kobolds (D:1)
  A rat (D:1)
26 creatures vanquished.

Notes
Turn   | Place    | Note
-------+----------+-------------------------------------------
     0 | D:1      | qw the Gargoyle Hunter began the quest for the Orb.
     0 | D:1      | Reached XP level 1. HP: 12/12 MP: 1/1
     0 | D:1      | 0 ||| qw: Version: 0.2-a-29-gdad1ea2
     0 | D:1      | 0 ||| qw: Game counter: 4047
     0 | D:1      | 0 ||| qw: Always use a shield: true
     0 | D:1      | 0 ||| qw: God list: Okawaru
     0 | D:1      | 0 ||| qw: Allow faded altars: false
     0 | D:1      | 0 ||| qw: Do Orc after D:15 true
     0 | D:1      | 0 ||| qw: Do second Lair branch before Depths: true
     0 | D:1      | 0 ||| qw: Lair rune preference: random
     0 | D:1      | 0 ||| qw: Plans: Normal, Zot:1-4, Slime:5, God:TSO, Crypt,
                  | Tomb, Abyss, Pan, Hells, Win
     0 | D:1      | 0 ||| PLANNING D:1-11
   117 | D:1      | Reached XP level 2. HP: 17/17 MP: 2/2
   444 | D:1      | Reached XP level 3. HP: 21/21 MP: 3/3
   758 | D:1      | 758 ||| UPGRADING to +0 ring mail.
   768 | D:1      | 768 ||| DROPPING +0 leather armour.
   769 | D:1      | 769 ||| UPGRADING to +6 ring of dexterity.
   770 | D:1      | 770 ||| READING scroll labelled LAZORCH UNNUZXU.
   787 | D:1      | 787 ||| READING scroll labelled IKOGGE YBUTOR.
   788 | D:1      | 788 ||| READING scroll labelled AQYIXI VUPTOEN.
   789 | D:1      | 789 ||| READING scroll labelled JINELE ITHIMUM.
   790 | D:1      | 790 ||| READING scroll labelled BENEYH WIEMAECU.
   791 | D:1      | 791 ||| DRINKING 2 glowing orange potions.
   792 | D:1      | 792 ||| DROPPING scroll of butterflies.
   868 | D:2      | Noticed Natasha
   873 | D:2      | Killed Natasha
   874 | D:2      | Reached skill level 1 in Armour
   891 | D:2      | Noticed Jessica
   896 | D:2      | Noticed Natasha
   897 | D:2      | Killed Jessica
   898 | D:2      | Reached skill level 5 in Ranged Weapons
   898 | D:2      | Reached XP level 4. HP: 26/26 MP: 4/4
   905 | D:2      | Killed Natasha
   915 | D:2      | Noticed Natasha
   916 | D:2      | 916 ||| FLEEEEING.
   917 | D:2      | 917 ||| FLEEEEING.
   918 | D:2      | 918 ||| FLEEEEING.
   919 | D:2      | 919 ||| FLEEEEING.
   929 | D:2      | 929 ||| STAIRDANCE
   978 | D:2      | 978 ||| STAIRDANCE
   981 | D:1      | Killed Natasha
   982 | D:1      | Reached skill level 3 in Fighting
   982 | D:1      | Reached XP level 5. HP: 26/32 MP: 5/5
  1122 | D:2      | Noticed Sigmund
  1128 | D:2      | 1128 ||| DRINKING 2 potions of curing.
  1128 | D:2      | 1128 ||| (to cure confusion)
  1136 | D:2      | HP: 8/32 [something (4)]
  1137 | D:2      | Slain by Sigmund

Levels and vault maps discovered:
D:1:      wheals_arrival_linesprint, layout_basic
D:2:      layout_basic, basic_altar, uniq_natasha, uniq_jessica, uniq_sigmund

Skill      XL: |  1  2  3  4 |
---------------+-------------+-----
Armour         | 1 |  1.9
Ranged Weapons | 5 |  5.3
Fighting       | 3 |  3.4
Dodging        | |  1.5
Stealth        | |  1.1

Action                     |  1- 3 |  4- 6 || total
---------------------------+-------+-------++-------
   Fire: Shortbow          |    64 |    27 ||    91
    Use: Scroll            |     5 |       ||     5
         Potion            |     1 |     1 ||     2
 Armour: Leather armour    |    10 |       ||    10
         Ring mail         |     2 |     6 ||     8
  Dodge: Dodged            |    23 |     7 ||    30

Table legend:
 A = Non-vault XP
 B = Vault XP
 C = Vault XP percentage of total XP
 D = Non-vault monster count
 E = Vault monster count
 F = Vault count percentage of total count
                 A         B        C        D         E       F
            +---------+---------+-------+---------+---------+-------
      Total |     107 |      72 |  40.2 |      24 |       2 |   7.7
            +---------+---------+-------+---------+---------+-------
        D:1 |      70 |       0 |   0.0 |      21 |       0 |   0.0
        D:2 |      37 |      72 |  66.1 |       3 |       2 |  40.0
            +---------+---------+-------+---------+---------+-------
